 Dungeon Crawl Stone Soup version 0.29-a0-284-gf9362112df (webtiles) character file.

Game seed: 275975283110778833

341 siradein the Vexing (level 6, -2/51 HPs)
             Began as a Draconian Arcane Marksman on Mar 15, 2022.
             Was an Initiate of Okawaru.
             Frozen to death by an endoplasm (4 damage)
             ... on level 4 of the Dungeon.
             The game lasted 00:08:26 (3536 turns).

siradein the Vexing (Draconian Arcane Marksman)     Turns: 3536, Time: 00:08:27

Health: -2/51      AC:  6    Str: 12    XL:     6   Next: 30%
Magic:  7/9        EV: 12    Int: 15    God:    Okawaru [......]
Gold:   168        SH:  0    Dex: 12    Spells: 3/10 levels left

rFire   . . .      SeeInvis .   a - +0 hand crossbow
rCold   . . .      Faith    .   (no shield)
rNeg    . . .      Spirit   .   (body armour unavailable)
rPois   .          Reflect  .   (helmet restricted)
rElec   .          Harm     .   (no cloak)
rCorr   .          Rampage  .   (no gloves)
Will    .....                   (no boots)
Stlth   +.........              (no amulet)
HPRegen 0.17/turn               o - ring of wizardry
MPRegen 0.11/turn               q - +4 ring of slaying

@: on berserk cooldown, slowed, very slow
A: AC +6, unfitting armour, cold-blooded
a: Renounce Religion


You were on level 4 of the Dungeon.
You worshipped Okawaru.
Okawaru was noncommittal.
You visited 2 branches of the dungeon, and saw 5 of its levels.

You collected 168 gold pieces.

Inventory:

Hand Weapons
 a - a +0 hand crossbow (weapon)
Jewellery
 c - a ring of poison resistance
 j - a ring of resist corrosion
 o - a ring of wizardry (left hand)
 q - a +4 ring of slaying (right hand)
 s - a +6 ring of strength
Wands
 t - a wand of acid (3)
Scrolls
 b - 3 scrolls of vulnerability
 f - 4 scrolls of teleportation {unknown}
 l - 2 scrolls of immolation
 n - a scroll of torment {unknown}
 u - a scroll of magic mapping {unknown}
 w - a scroll of enchant weapon {unknown}
 y - a scroll of blinking {unknown}
Potions
 g - a potion of attraction
 h - a potion of haste
 i - a potion of berserk rage
 m - a potion of flight {unknown}
 p - a potion of cancellation {unknown}
 r - a potion of invisibility {unknown}
 v - a potion of magic {unknown}
 x - a potion of degeneration {unknown}


   Skills:
 + Level 3.0 Fighting
 + Level 3.0 Crossbows
 + Level 2.9 Dodging
 + Level 2.5 Spellcasting
 + Level 3.6 Hexes
 + Level 2.0 Translocations


You had 3 spell levels left.
You knew the following spells:

 Your Spells              Type           Power      Damage    Failure   Level
a - Slow                  Hex            48%        N/A       1%          1
b - Portal Projectile     Hex/Tloc       20%        N/A       9%          3
c - Inner Flame           Hex/Fire       7%         N/A       12%         3

Your spell library contained the following spells:

 Spells                   Type           Power      Damage    Failure   Level
 Sandblast                Erth           2%         2d4       9%          1
 Shock                    Conj/Air       4%         1d3       9%          1
 Passwall                 Tmut/Erth      0%         N/A       13%         2
 Stone Arrow              Conj/Erth      2%         3d7       26%         3
 Swiftness                Air            1%         N/A       26%         3
 Cause Fear               Hex            6%         N/A       19%         4
 Airstrike                Air            0%         N/A       61%         4


Dungeon Overview and Level Annotations

Branches:
Dungeon (4/15)             Temple (1/1) D:4

Altars:
Ashenzari
Dithmenos
Elyvilon
Fedhas
Gozag
Kikubaaqudgha
Makhleb
Okawaru
Sif Muna
Uskayaw
Xom

Shops:
D:1 =   D:2 :   D:3 =


Innate Abilities, Weirdness & Mutations

Your plain brown scales are hard. (AC +6)
You cannot fit into any form of body armour.
You are cold-blooded and may be slowed by cold attacks.


Message History

* * * LOW HITPOINT WARNING * * *
You hit the gnoll!
The gnoll is severely wounded.
You feel less confused. The gnoll hits you with a +0 flail.
* * * LOW HITPOINT WARNING * * *
The gnoll misses you. The gnoll hits you with a +0 club.
* * * LOW HITPOINT WARNING * * *
The gnoll hits you with a +0 club.
* * * LOW HITPOINT WARNING * * *
The gnoll hits you with a +0 club.
* * * LOW HITPOINT WARNING * * *
You feel a strong urge to attack something.
The gnoll closely misses you.
You feel your anger nearly subside.
You are no longer berserk.
You are exhausted.
You feel yourself slow down. The gnoll closely misses you.
The gnoll attacks as you move away! The gnoll hits you but does no damage.
The endoplasm hits you but does no damage.
The gnoll hits you but does no damage. The endoplasm misses you.
The gnoll attacks as you move away! The gnoll barely misses you.
The gnoll attacks as you move away! The gnoll misses you.
The endoplasm freezes you.
You are frozen.
* * * LOW HITPOINT WARNING * * *
You feel as though you will be slow longer.
The gnoll attacks as you move away! The gnoll hits you with a +0 flail.
* * * LOW HITPOINT WARNING * * *
The endoplasm jiggles.
The endoplasm hits you.
* * * LOW HITPOINT WARNING * * *
The endoplasm attacks as you move away! The endoplasm closely misses you.
The gnoll attacks as you move away! The gnoll hits you but does no damage.
The endoplasm attacks as you move away!
The endoplasm hits you but does no damage.
The gnoll attacks as you move away! The gnoll hits you with a +0 club.
* * * LOW HITPOINT WARNING * * *
The endoplasm freezes you.
You are frozen.
You die...

####.#.#.##.#
>......#.##.#
####.###.##.# # #.#
#.##(# ## #..
..##.####### #####
.##########.......#
#...# 8.>...##
#.#####.###...########
.....#<##
#...##..g.............
#.#.##..#
#.#...@gg.......J...#
.....#.##
#.#..#.Jg...........#
.#######
##...##.###...####....
## #..≈≈ #......#
#...# o ..≈PP ##.[####
#...# ##b≈≈.≈..≈ #...#
#...# .#######≈#####.#
#...#
.......#≈#...#.####
##.## .######
#......####.#####


You could see 4 gnolls and an endoplasm.

Vanquished Creatures
  A howler monkey (D:3)
  2 orc priests (D:3)
  Jessica (D:3)
  Terence (D:3)
  2 orc wizards (D:3)
  5 adders
  2 worms (D:2)
  3 dart slugs
  9 orcs (D:3)
  4 endoplasms
  2 giant cockroaches (D:3)
  6 goblins
  7 hobgoblins
  3 ball pythons
  3 bats
  3 frilled lizards
  5 kobolds
  4 rats
63 creatures vanquished.

Vanquished Creatures (others)
  An orc wizard (D:3)
  14 fungi (D:4)
15 creatures vanquished.

Grand Total: 78 creatures vanquished

Notes
Turn   | Place    | Note
-------+----------+-------------------------------------------
     0 | D:1      | siradein the Draconian Arcane Marksman began the quest for
                  | the Orb.
     0 | D:1      | Reached XP level 1. HP: 16/16 MP: 2/2
   200 | D:1      | Reached XP level 2. HP: 23/23 MP: 3/3
   405 | D:1      | Found a faded altar of an unknown god.
   417 | D:1      | Found Zean's One-of-a-Kind Rings.
   800 | D:2      | Reached XP level 3. HP: 26/29 MP: 5/5
   804 | D:2      | Learned a level 3 spell: Portal Projectile
  1833 | D:2      | Found Puatzah's Book Boutique.
  2314 | D:3      | Found a broken altar of Ashenzari.
  2370 | D:3      | Reached XP level 4. HP: 36/36 MP: 6/6
  2384 | D:3      | Reached skill level 1 in Translocations
  2528 | D:3      | Reached XP level 5. HP: 34/42 MP: 8/8
  2624 | D:3      | Noticed Jessica
  2626 | D:3      | Killed Jessica
  2634 | D:3      | Found a shimmering blue altar of Sif Muna.
  2730 | D:3      | Noticed Terence
  2741 | D:3      | Killed Terence
  2834 | D:3      | Found Tymmaopoubb's Jewellery Emporium.
  2846 | D:3      | Learned a level 3 spell: Inner Flame
  2951 | D:3      | Reached XP level 6. HP: 28/50 MP: 9/9
  3289 | D:4      | Found a staircase to the Ecumenical Temple.
  3352 | Temple   | Entered the Ecumenical Temple
  3359 | Temple   | Became a worshipper of Warmaster Okawaru
  3536 | D:4      | HP: 2/51 [gnoll/+0 club (3)]
  3536 | D:4      | Frozen to death by an endoplasm

Illustrated notes

Levels and vault maps discovered:
D:1:      scummos_arrival_forest, layout_basic, ebering_ecumenical_altar_webs,
          nicolae_shop_unique_rings, minmay_misc_feat_secret_circle
D:2:      layout_basic, serial_shops, nicolae_shop_stone, hangedman_decor_points
D:3:      layout_basic, evilmike_ruin_ashenzari, tgw_sif, serial_shops,
          nicolae_shop_trees, uniq_terence
D:4:      layout_loops_cross, mainiacjoe_overflow_catch_the_wave,
          minmay_temple_entry_statues_pillars, serial_aquarium,
          aquarium_bridge_square [aquarium_subvault_bridge,
          aquarium_subvault_wall, aquarium_subvault_balcony,
          aquarium_subvault_wall], aquarium_window_corridor_1,
          aquarium_window_1, aquarium_window_2, aquarium_window_2,
          aquarium_view_2d, aquarium_balcony_double_4, kennysheep_nub
Temple:   cyrus_circular_temple

Skill      XL: |  1  2  3  4  5  6 |
---------------+-------------------+-----
Crossbows      | 2 3 |  3.0
Dodging        | 2 |  2.9
Hexes          | 3 |  3.6
Fighting       | 2 3 |  3.0
Translocations | 1 2 |  2.0
Spellcasting   | 2 |  2.5

Action                   |  1- 3 |  4- 6 || total
-------------------------+-------+-------++-------
Melee: Hand crossbow     |       |     7 ||     7
       Tailslap          |       |     1 ||     1
 Fire: Hand crossbow     |   158 |   111 ||   269
 Cast: Slow              |     4 |       ||     4
       Portal Projectile |       |     3 ||     3
  Use: Potion            |       |     6 ||     6
       Scroll            |       |     4 ||     4
Armor: Skin              |    27 |    24 ||    51
Dodge: Dodged            |    64 |    79 ||   143

Table legend: (Time is in decaauts)
 A = Elapsed time spent in this place.
 B = Non-inter-level travel time spent in this place.
 C = Inter-level travel time spent in this place.
 D = Time resting spent in this place.
 E = Time spent auto-exploring this place.
 F = Levels seen in this place.
 G = Mean time per level.
                   A        B        C        D        E       F      G
               +--------+--------+--------+--------+--------+-----+--------+
         Total |   3639 |   3556 |     83 |    221 |   2634 |   5 |  727.8 |
       Dungeon |   3624 |   3541 |     83 |    221 |   2634 |   4 |  906.0 |
        Temple |     14 |     14 |      0 |      0 |      0 |   1 |   14.0 |
               +--------+--------+--------+--------+--------+-----+--------+

Top non-repeatable levels by time:
     D:2: 1535 daAuts
     D:3: 1121 daAuts
     D:1: 726 daAuts
     D:4: 240 daAuts
  Temple: 14 daAuts
